cohdb
Replays
Latest Replays
All Replays
Popular Replays
Top Player Replays
Match Explorer
How It Works
Community
CoH3 Stats
Reddit
Sign in to upload your games and track your stats! →
Sign in with Steam
Match 45892523
Unlisted
Match 45892523
Overview
Messages
Build Orders
End
Vickers Machine Gun Team
Selects Indian Artillery Battlegroup
Construct Section Command Post
Infantry Section
Infantry Section
Grenade Package
Infantry Section
Construct Field Infirmary
Vickers Machine Gun Team
Construct Platoon Command Post
Humber Armored Car
Selects Valour
Selects Gurkha Rifles Section
Atlan
Jon
himekouzi
I'm thirsty for blood
MuniekPL
|-J5D-| MAREK POLSKA
Papa Shango
Husar
0
0
Comments
sign in to comment!
No comments posted yet!